 Dungeon Crawl Stone Soup version 0.31-a0-828-gb7646bb5e3 (webtiles) character file.

Game seed: 5047904909626497146

2156 lebron the Digger (level 9, -5/48 HPs)
             Began as a Vampire Earth Elementalist on Sept 23, 2023.
             Was an Initiate of Yredelemnul.
             Slain by a wyvern zombie (9 damage)
             ... while paralysed by the fury of Uskayaw
             ... on level 6 of the Dungeon on Sept 24, 2023.
             The game lasted 01:26:58 (4296 turns).

lebron the Digger (Vampire Earth Elementalist)      Turns: 4296, Time: 01:26:58

Health: -5/48      AC:  6    Str: 13    XL:     9   Next: 10%
Magic:  5/19       EV:  2    Int: 22    God:    Yredelemnul [......]
Gold:   237        SH:  0    Dex: 14    Spells: 14/22 levels left

rFire   + . .        d - staff of earth
rCold   + + .        (no shield)
rNeg    + + +        x - +0 robe of the Game of Life {rF+ Regen+ Stlth+}
rPois   ∞            (no helmet)
rElec   .            A - +1 cloak
rCorr   .            u - +1 pair of gloves
SInv    +            (no boots)
Will    +....        (no amulet)
Stlth   ++++++       n - ring of willpower
HPRegen 0.00/turn    w - +6 ring of strength
MPRegen 0.16/turn

%: no passive effects
@: paralysed, bloodless, inhibited regen
A: bloodless, fangs 3, see invisible, vampiric 2
a: Bat Form, Revivify, Renounce Religion, Recall Undead Harvest


You were on level 6 of the Dungeon.
You worshipped Yredelemnul.
Yredelemnul was noncommittal.
You visited 2 branches of the dungeon, and saw 7 of its levels.

You collected 237 gold pieces.

Inventory:

Hand Weapons
 c - a +0 short sword
 k - a +0 scythe
 s - a -3 whip
 y - a +5 quarterstaff of chaos
 B - a +0 club
Missiles
 C - a throwing net
Armour
 a - a +0 robe
 u - a +1 pair of gloves (worn)
 x - the +0 robe of the Game of Life (worn) {rF+ Regen+ Stlth+}
   (You found it on level 4 of the Dungeon)

   rF+:       It protects you from fire.
   Regen+:    It increases your rate of health regeneration.
   Stlth+:    It makes you more stealthy.
 A - a +1 cloak (worn)
Magical Staves
 d - a staff of earth (weapon)
Jewellery
 b - a ring of flight
 n - a ring of willpower (left hand)
 w - a +6 ring of strength (right hand)
 D - a ring of see invisible
Scrolls
 e - a scroll of revelation
 i - 3 scrolls of identify
 r - a scroll of noise {unknown}
 v - 2 scrolls of blinking {unknown}
 E - 2 scrolls of teleportation {unknown}


   Skills:
 + Level 1.9 Fighting
 + Level 0.4 Short Blades
 + Level 2.3 Staves
 + Level 4.1 Dodging
 + Level 5.1 Stealth
 + Level 0.1 Unarmed Combat
 + Level 7.1 Spellcasting
 + Level 0.2 Conjurations
 + Level 1.1 Transmutations
 + Level 7.9 Earth Magic
 + Level 0.2 Invocations


You had 14 spell levels left.
You knew the following spells:

 Your Spells              Type           Power      Damage    Failure   Level
a - Sandblast             Erth           100%       2d20      1%          1
b - Stone Arrow           Conj/Erth      76%        3d11      4%          3
c - Brom's Barrelling Bo  Conj/Erth      38%        2d6       16%         4

Your spell library contained the following spells:

 Spells                   Type           Power      Damage    Failure   Level
 Passwall                 Tmut/Erth      34%        N/A       1%          2
 Sting                    Tmut/Pois      40%        1d5       7%          1
 Cigotuvi's Dreadful Rot  Necr/Pois/Air  14%        N/A       12%         2
 Petrify                  Tmut/Erth      41%        N/A       13%         4
 Ignite Poison            Fire/Tmut/Pois 9%         N/A       22%         3
 Tukima's Dance           Hex            7%         N/A       24%         3
 Iskenderun's Mystic Bla  Conj/Tloc      8%         2d4       61%         4
 Dimensional Bullseye     Hex/Tloc       3%         N/A       63%         4
 Olgreb's Toxic Radiance  Pois           7%         N/A       63%         4
 Freezing Cloud           Conj/Ice/Air   4%         6-21      91%         5


Dungeon Overview and Level Annotations

Branches:
Dungeon (6/15)             Temple (1/1) D:5

Altars:
Ashenzari
Cheibriados
Dithmenos
Fedhas
Gozag
Hepliaklqana
Kikubaaqudgha
Makhleb
Nemelex Xobeh
Qazlal
Ru
Sif Muna
Trog
Uskayaw
Vehumet
Wu Jian
Xom
Yredelemnul

Portals:
Sewer: D:4


Innate Abilities, Weirdness & Mutations

You do not regenerate when monsters are visible.
You are frail without blood (-20% HP).
You can heal yourself when you bite living creatures.
You are immune to poison.
You have razor-sharp teeth.
You have supernaturally acute eyesight. (SInv)
You are afflicted with vampirism and can become a bat while bloodless.


Message History

As you read the scroll of fog, it dissolves into smoke.
The hound zombie misses you.
Cornered, the wyvern turns to fight!
The hound zombie misses you.
Aiming: Sandblast (safe; 1% risk of failure)
Press: ? - help, Q - select action, (/) - cycle Shift-Dir - straight line You feel a surge of power!
The hound zombie barely misses you.
The hound zombie attacks as it pursues you!
The hound zombie misses you. x2
The hound zombie bites you but does no damage.
There is a stone staircase leading up here.
Aiming: Sandblast (safe; 1% risk of failure)
Press: ? - help, Q - select action, (/) - cycle Shift-Dir - straight line, f - wyvern
Aim: a wyvern (blue smoke, almost dead, wandering, hasn't noticed you, 85% to hit)
You feel a surge of power!
The blast of sand hits the orc!!
You kill the orc!
The wyvern hisses angrily.
The dead are walking!
The hound zombie bites you but does no damage.
The wyvern misses you.
The hound zombie bites you but does no damage.
Your Spellcasting skill increases to level 7!
Aiming: Sandblast (safe; 1% risk of failure)
Press: ? - help, Q - select action, (/) - cycle Shift-Dir - straight line, f/p - wyvern
Aim: a wyvern (blue smoke, almost dead, ally target, 85% to hit)
You feel a surge of power!
The blast of sand hits the wyvern!
You kill the wyvern!
Kikubaaqudha cackles.
A wyvern zombie comes into view.
The hound zombie misses you. The hound zombie barely misses you.
Uskayaw booms out, "Time for someone else to take a solo" You suddenly lose the ability to move!
The hound zombie bites you but does no damage.
The wyvern zombie bites you but does no damage.
Your orc zombie closely misses the hound zombie.
The hound zombie bites you.
* * * LOW HITPOINT WARNING * * *
The wyvern zombie bites you!
You die...
You join the legions of the undead harvest.

#.# ##.....#.. #
#.############...lo#.#o#
...................#...#
..###...###.....#§.'.#
..####.....<.§§§§§.#...#
....##........§§§#.#.#$#
....#........§§Z.§§#.. #
............)..ZZ$§#.##
.....).<......§.@§§#o.
.....)...........###.#
...###.#.......§§###oo
..........)........#
....###..#.###.###)#
....# #....###.###.#
....###.#...##...#.#
...###......####...#
..#....###.......#)#


You could see a hound zombie (ally target), a wyvern zombie and a friendly orc
zombie.

Vanquished Creatures
  Sigmund (D:2)
  A wyvern (D:6)
  A water moccasin (D:5)
  A sky beast (D:6)
  A black bear (D:5)
  5 ogres (D:5)
  A centaur (D:4)
  A gnoll sergeant (D:5)
  3 scorpions (D:5)
  2 hounds
  3 orc priests
  Crazy Yiuf (D:4)
  A jelly (D:4)
  2 sleepcaps
  An iguana (D:4)
  6 orc wizards
  18 gnolls
  9 adders
  2 worms (D:5)
  2 dart slugs (D:4)
  16 orcs
  6 endoplasms
  10 giant cockroaches
  5 goblins
  7 hobgoblins
  5 jackals
  3 kobolds
  7 quokkas
  6 ball pythons
  5 bats
  3 frilled lizards
  2 orc zombies (D:5)
137 creatures vanquished.

Vanquished Creatures (others)
  An adder zombie (D:6)
  4 orc zombies
  A boulder (D:6)
6 creatures vanquished.

Grand Total: 143 creatures vanquished

Notes
Turn   | Place    | Note
-------+----------+-------------------------------------------
     0 | D:1      | lebron the Vampire Earth Elementalist began the quest for
                  | the Orb.
     0 | D:1      | Reached XP level 1. HP: 13/13 MP: 3/3
   411 | D:1      | Reached XP level 2. HP: 18/19 MP: 3/5
   902 | D:2      | Gained mutation: You are afflicted with vampirism and can
                  | become a bat while bloodless. [Vampire growth]
   902 | D:2      | Reached XP level 3. HP: 24/24 MP: 3/6
  1041 | D:2      | Noticed Sigmund
  1044 | D:2      | Killed Sigmund
  1045 | D:2      | Reached skill level 1 in Fighting
  1045 | D:2      | Reached skill level 1 in Staves
  1045 | D:2      | Reached XP level 4. HP: 32/32 MP: 4/8
  1045 | D:2      | Reached XP level 5. HP: 37/37 MP: 4/9
  1473 | D:2      | Reached XP level 6. HP: 43/43 MP: 8/10
  1482 | D:2      | Learned a level 3 spell: Stone Arrow
  1929 | D:3      | Found a faded altar of an unknown god.
  1941 | D:3      | Prayed at the altar of an unknown god.
  1941 | D:3      | Became a worshipper of Uskayaw the Reveller
  1941 | D:3      | Reached * piety under Uskayaw
  1942 | D:3      | Upgraded the game from 0.31-a0-818-ge7c7cf74f0 to
                  | 0.31-a0-828-gb7646bb5e3
  1963 | D:3      | Reached ** piety under Uskayaw
  2369 | D:4      | Reached skill level 5 in Earth Magic
  2396 | D:4      | Identified the +0 robe of the Game of Life {rF+ Regen+
                  | Stlth+}
  2431 | D:4      | Reached XP level 7. HP: 48/48 MP: 11/13
  2432 | D:4      | Found a sacrificial altar of Ru.
  2438 | D:4      | Fell from the grace of Uskayaw
  2443 | D:4      | Became a worshipper of Ru the Awakened
  2495 | D:4      | Found a blossoming altar of Fedhas.
  2495 | D:4      | Found a shimmering blue altar of Sif Muna.
  2579 | D:4      | Paralysed by the fury of Uskayaw for 5 turns
  2622 | D:4      | Found a glowing drain.
  2738 | D:4      | Found a runed translucent door.
  2739 | D:4      | Noticed Crazy Yiuf
  2744 | D:4      | Killed Crazy Yiuf
  2898 | D:4      | Fell from the grace of Ru
  2909 | D:4      | Became a worshipper of Sif Muna the Loreminder
  3066 | D:5      | Entered Level 5 of the Dungeon
  3134 | D:5      | Reached skill level 5 in Spellcasting
  3178 | D:5      | Reached XP level 8. HP: 38/43 MP: 13/16
  3269 | D:5      | Found a broken altar of Ashenzari.
  3269 | D:5      | Found an ancient bone altar of Kikubaaqudgha.
  3269 | D:5      | Found a snail-covered altar of Cheibriados.
  3277 | D:5      | Reached skill level 5 in Stealth
  3312 | D:5      | Fell from the grace of Sif Muna
  3312 | D:5      | Became a worshipper of Kikubaaqudgha
  3603 | D:5      | Found a staircase to the Ecumenical Temple.
  3616 | Temple   | Entered the Ecumenical Temple
  3724 | Temple   | Fell from the grace of Kikubaaqudgha
  3724 | Temple   | Became a worshipper of Yredelemnul the Dark
  3953 | D:5      | Learned a level 4 spell: Brom's Barrelling Boulder
  4025 | D:5      | Identified a scroll of acquirement
  4025 | D:5      | Acquired lebron's Annotations on Corruption and Vicissitude
  4165 | D:6      | Reached XP level 9. HP: 31/48 MP: 10/19
  4294 | D:6      | Paralysed by the fury of Uskayaw for 5 turns
  4296 | D:6      | Slain by a wyvern zombie

Illustrated notes

Levels and vault maps discovered:
D:1:      dpeg_arrival_radiant, layout_basic, fountainhead, chequers_big_river
D:2:      layout_loops_ring, minmay_misc_feat_room, uniq_sigmund
D:3:      layout_basic, ebering_ecumenical_altar_rust
D:4:      layout_loops_ring, nicolae_ru_path_of_blood,
          gammafunk_temple_overflow_claw, cheibrodos_sewer_entry_drain,
          uniq_crazy_yiuf_cottage
D:5:      layout_basic, chequers_temple_overflow_statue_of_worship,
          minmay_temple_entry_gardened_gates, reono_crystal_passage,
          nicolae_elevator_lobby_plus
D:6:      layout_rooms, hangedman_minor_gate_pass
Temple:   oiseaux_autumnal_temple

Skill      XL: |  1  2  3  4  5  6  7  8  9 |
---------------+----------------------------+-----
Fighting       | 1 |  1.9
Staves         | 1 2 |  2.3
Dodging        | 3 4 |  4.1
Spellcasting   | 3 4 5 6 7 |  7.1
Earth Magic    | 4 5 6 7 |  7.9
Stealth        | 4 5 |  5.1
Short Blades   | |  0.4
Unarmed Combat | |  0.1
Conjurations   | |  0.2
Transmutations | |  1.1
Invocations    | |  0.2

Action                     |  1- 3 |  4- 6 |  7- 9 || total
---------------------------+-------+-------+-------++-------
  Melee: Staff             |    61 |    36 |    92 ||   189
         Bite              |     5 |     4 |    15 ||    24
         Short sword       |     1 |       |       ||     1
         Punch             |       |     2 |       ||     2
         Unarmed           |       |       |     4 ||     4
   Cast: Sandblast         |    23 |    43 |   108 ||   174
         Stone Arrow       |       |     1 |     5 ||     6
         Brom's Barrelling |       |       |     3 ||     3
 Invoke: Stomp             |       |     1 |       ||     1
         Renounce Religion |       |       |     2 ||     2
         Recall Undead Har |       |       |     8 ||     8
Ability: Exsanguinate      |       |       |     2 ||     2
         End Transformatio |       |       |     1 ||     1
         Bat Form          |       |       |     1 ||     1
         Revivify          |       |       |     1 ||     1
    Use: Potion            |       |     1 |     5 ||     6
         Scroll            |       |       |    12 ||    12
   Stab: Sleeping          |     1 |     2 |       ||     3
 Armour: Robe              |    48 |    29 |   105 ||   182
         Skin              |       |       |     4 ||     4
  Dodge: Dodged            |    54 |    44 |   112 ||   210

Table legend: (Time is in decaauts)
 A = Elapsed time spent in this place.
 B = Non-inter-level travel time spent in this place.
 C = Inter-level travel time spent in this place.
 D = Time resting spent in this place.
 E = Time spent auto-exploring this place.
 F = Levels seen in this place.
 G = Mean time per level.
                   A        B        C        D        E       F      G
               +--------+--------+--------+--------+--------+-----+--------+
         Total |   4374 |   1146 |   3228 |      0 |      0 |   7 |  624.9 |
       Dungeon |   4225 |   1139 |   3086 |      0 |      0 |   6 |  704.2 |
        Temple |    149 |      8 |    141 |      0 |      0 |   1 |  149.0 |
               +--------+--------+--------+--------+--------+-----+--------+

Top non-repeatable levels by time:
     D:1: 875 daAuts
     D:5: 858 daAuts
     D:2: 820 daAuts
     D:4: 748 daAuts
     D:3: 670 daAuts
     D:6: 252 daAuts
  Temple: 149 daAuts
